 Dungeon Crawl Stone Soup version 0.18-a0-1225-g5d63bca (webtiles) character file.

203 Duffy the Skirmisher (level 5, -16/29 HPs)
             Began as a Vine Stalker Fighter on Feb 4, 2016.
             Killed from afar by Dowan (19 damage)
             ... with a shard of ice
             ... on level 4 of the Dungeon.
             The game lasted 00:01:50 (1748 turns).

Duffy the Skirmisher (Vine Stalker Fighter)         Turns: 1748, Time: 00:01:50

Health: -16/29     AC:  6    Str: 21    XL:     5   Next: 81%
Magic:  0/6        EV:  7    Int:  8    God:
Gold:   165        SH:  9    Dex: 14    Spells: 0 memorised, 4 levels left

rFire  . . .     SeeInvis .     a - +0 flail
rCold  . . .     Gourm    .     b - +0 scale mail
rNeg   . . .     Faith    .     c - +0 shield
rPois  .         Spirit   +     (no helmet)
rElec  .         Dismiss  .     (no cloak)
rCorr  .         Reflect  .     (no gloves)
SustAt .         Harm     +     (no boots)
MR     .....                    k - amulet of harm
Stlth  ..........               (no ring)
                                i - +2 ring of strength

@: lethally poisoned (-16 -> -16), not resistant to hostile enchantments,
extremely unstealthy
A: fangs 2, regeneration 1, magic shield, antimagic bite, no device heal 3, rot
immunity
a: no special abilities


You were on level 4 of the Dungeon.
You were very hungry.

You visited 1 branch of the dungeon, and saw 4 of its levels.

You collected 165 gold pieces.


Innate Abilities, Weirdness & Mutations

You have extremely sharp teeth.
Your natural rate of healing is unusually fast.
When hurt, damage is shared between your health and your magic reserves.
Your bite disrupts and absorbs the magic of your enemies.
Potions and wands cannot restore your health.
You are immune to rotting.


   Skills:
 + Level 4.2 Fighting
 + Level 4.1 Maces & Flails
 - Level 2.4 Armour
 - Level 2.6 Shields


You had 4 spell levels left.
You didn't know any spells.

Inventory:

Hand Weapons
 a - a +0 flail (weapon)
Armour
 b - a +0 scale mail (worn)
 c - a +0 shield (worn)
Jewellery
 i - a +2 ring of strength (left hand)
 k - an amulet of harm (around neck)
Scrolls
 e - 4 scrolls of identify {unknown}
 h - 3 scrolls of enchant armour {unknown}
 j - 2 scrolls of enchant weapon {unknown}
 l - 4 scrolls of remove curse {unknown}
 m - a scroll of recharging {unknown}
 o - a scroll of noise {unknown}
 p - 2 scrolls of amnesia {unknown}
Potions
 d - a potion of might
 r - a potion of mutation {unknown}
 s - a potion of poison {unknown}
 t - a potion of curing {unknown}
Comestibles
 f - 4 bread rations
 g - 2 meat rations
 n - a beef jerky
 q - a slice of pizza

Dungeon Overview and Level Annotations

Branches:
Dungeon (4/15)
 Temple: D:4-7

Altars:
Qazlal

Annotations:
D:4 Dowan


Message History

You are too injured to fight recklessly!
You are too injured to fight recklessly!
You are too injured to fight recklessly!
You are too injured to fight recklessly!
You are too injured to fight recklessly!
You thump Duvessa! You bite Duvessa. You drain her power.
You feel invigorated.
Duvessa is almost dead.
You block Duvessa's attack. Duvessa hits you but does no damage.
You sock Duvessa!
You kill Duvessa!
Dowan's eyes darken. "You have made a black mistake."
Dowan seems to find hidden reserves of power!
Your Fighting skill increases to level 4!
Your Maces & Flails skill increases to level 4!
You have reached level 5!
You are feeling very hungry.
You feel sick.
Dowan casts a spell.
Dowan blinks!
You feel sick.
You feel sick.
Dowan breathes, "And she was my only..."
You completely miss Dowan.
Dowan is moderately wounded.
You feel sick.
Dowan points at you and mumbles some strange words.
The stone arrow hits you!
You barely miss Dowan. You bite Dowan.
Dowan's magic leaks into the air.
You drain his magic.
You feel invigorated.
Dowan is heavily wounded.
You block Dowan's attack. Dowan casts a spell at you.
The shard of ice hits you!
Ouch! That really hurt!
You die...

.....# .# . ....# . ### .. .#
#...# .###... . #.###. #...#
..#.... #.####.#.. #...# ##......
#.#. ....# #...# #.......
#...###..#####...#########.......
..............##.e.....).........
..............##@###########.....
..............#..# #....
.....<..........## #...
..............### ###
..............# ..............#
.........###### ........##
.#.....##


You could see Dowan.

Action                   |  1- 3 |  4- 6 || total
-------------------------+-------+-------++-------
Melee: Flail             |   126 |    56 ||   182
  Eat: Chunk             |     1 |     1 ||     2

Notes
Turn   | Place    | Note
--------------------------------------------------------------
     0 | D:1      | Duffy the Vine Stalker Fighter began the quest for the Orb.
     0 | D:1      | Reached XP level 1. HP: 11/11 MP: 2/2
    55 | D:1      | Reached skill level 2 in Maces & Flails
   108 | D:1      | Reached XP level 2. HP: 16/16 MP: 3/3
   313 | D:1      | Reached skill level 3 in Fighting
   359 | D:1      | Reached XP level 3. HP: 20/20 MP: 4/4
   791 | D:2      | Reached skill level 3 in Maces & Flails
   860 | D:2      | Found a stormy altar of Qazlal.
  1004 | D:2      | Reached XP level 4. HP: 24/24 MP: 5/5
  1720 | D:4      | Noticed Dowan
  1721 | D:4      | Noticed Duvessa
  1740 | D:4      | Killed Duvessa
  1740 | D:4      | Reached skill level 4 in Fighting
  1740 | D:4      | Reached skill level 4 in Maces & Flails
  1740 | D:4      | Reached XP level 5. HP: 15/29 MP: 6/6
  1748 | D:4      | Killed from afar by Dowan

Vault maps used:
D:1:      lightli_arrival_lavapool, minivault_11
D:2:      grunt_qazlal_clouds
D:3:      first_bread
D:4:      serial_shops, shop, shop_statue, shop, uniq_duvessa,
          uniq_blork_the_orc

Vanquished Creatures
  Duvessa
  2 adders
  An ooze
  2 giant geckos
  An orc
  3 giant cockroaches
  9 goblins
  6 hobgoblins
  11 jackals
  A quokka
  12 bats
  4 giant newts
  7 kobolds
  4 rats
64 creatures vanquished.
